 Dungeon Crawl Stone Soup version 0.18.1-48-g4cf74bf (webtiles) character file.

1033 sudo the Slasher (level 8, 0/54 HPs)
             Began as a High Elf Fighter on June 29, 2016.
             Was a Follower of Okawaru.
             Killed by divine providence
             ... invoked by an orc priest
              (11 damage)
             ... on level 5 of the Dungeon.
             The game lasted 00:05:06 (4380 turns).

sudo the Slasher (High Elf Fighter)                 Turns: 4380, Time: 00:05:07

Health: 0/54       AC:  9    Str: 17    XL:     8   Next: 3%
Magic:  9/9        EV: 10    Int: 13    God:    Okawaru [*.....]
Gold:   237        SH: 10    Dex: 18    Spells: 0 memorised, 7 levels left

rFire  . . .     SeeInvis .     a - +1 long sword
rCold  . . .     Gourm    .     b - +0 scale mail
rNeg   . . .     Faith    .     c - +1 shield
rPois  .         Spirit   .     (no helmet)
rElec  .         Dismiss  .     l - -2 cloak (curse)
rCorr  .         Reflect  .     (no gloves)
SustAt .         Harm     .     (no boots)
MR     .....                    (no amulet)
Stlth  ..........               p - +3 ring of protection
                                e - +4 ring of dexterity

@: not resistant to hostile enchantments, extremely unstealthy
A: no striking features
a: Heroism, Renounce Religion


You were on level 5 of the Dungeon.
You worshipped Okawaru.
Okawaru was aware of your devotion.
You were hungry.

You visited 1 branch of the dungeon, and saw 5 of its levels.

You collected 237 gold pieces.

Inventory:

Hand Weapons
 a - a +1 long sword (weapon)
Armour
 b - a +0 scale mail (worn)
 c - a +1 shield (worn)
 i - a +0 cloak
 l - a cursed -2 cloak (worn)
 n - a +1 robe of fire resistance
Jewellery
 e - a +4 ring of dexterity (left hand)
 o - an uncursed ring of fire {unknown}
 p - a +3 ring of protection (right hand)
Scrolls
 j - a scroll of magic mapping
Potions
 d - a potion of flight {unknown}
 k - a potion of brilliance {unknown}
 q - 2 potions of curing {unknown}
Comestibles
 f - a bread ration
 g - a meat ration
 h - 3 beef jerkies


   Skills:
 + Level 4.4 Fighting
 * Level 6.5 Long Blades
 + Level 4.7 Armour
 + Level 4.9 Dodging
 + Level 3.7 Shields


You had 7 spell levels left.
You didn't know any spells.

Dungeon Overview and Level Annotations

Branches:
Dungeon (5/15)             Temple (0/1) D:5

Altars:
Dithmenos
Okawaru
Trog
The Shining One

Annotations:
D:5 exclusion: oklob sapling, Menkaure


Message History

The orc priest invokes the aid of Beogh against you.
Beogh smites you! The ogre hits you with a giant club!!
* * * LOW HITPOINT WARNING * * *
You are too injured to fight recklessly!
You are too injured to fight recklessly!
You are too injured to fight recklessly!
You are too injured to fight recklessly!
You slash the ogre!
The ogre is almost dead.
You block the ogre's attack.
You barely miss the ogre.
The ogre is almost dead.
You block the ogre's attack.
You slash the ogre!
You kill the ogre!
Okawaru accepts your kill.
You have reached level 8!
The orc priest invokes the aid of Beogh against you.
Beogh smites you!
You die...

.........#*****
..#......#
......_..#
.........#
.........#
........######
.............#
.............#######
..####......ooo)@..#
,,*
###......#####.###
*** #..(.....# #...#
#........# ###.#
#....##### #.#####
#....# #....<# #
#....# ####### #
#....# # ######


You could see an orc priest and 2 orcs.

Vanquished Creatures
  The ghost of Rationalist the Skirmisher, a novice MiFi of Trog (D:5)
  3 ogres (D:5)
  The ghost of sudo the Slasher, an amateur HEFi of the Shining One (D:3)
  Jessica (D:2)
  An orc wizard (D:4)
  2 worker ants
  2 gnolls (D:3)
  3 adders
  An ooze (D:4)
  2 worms
  3 dart slugs
  4 giant geckos
  4 orcs
  7 giant cockroaches
  9 hobgoblins
  8 jackals
  8 kobolds
  2 quokkas (D:2)
  10 bats
  3 giant newts
  8 goblins
  6 rats
89 creatures vanquished.

Notes
Turn   | Place    | Note
--------------------------------------------------------------
     0 | D:1      | sudo the High Elf Fighter began the quest for the Orb.
     0 | D:1      | Reached XP level 1. HP: 16/16 MP: 2/2
   148 | D:1      | Reached XP level 2. HP: 20/21 MP: 3/3
   785 | D:2      | Reached XP level 3. HP: 25/26 MP: 4/4
   934 | D:2      | Reached skill level 1 in Dodging
  1106 | D:2      | Noticed Jessica
  1130 | D:2      | Reached skill level 3 in Long Blades
  1132 | D:2      | Killed Jessica
  1132 | D:2      | Reached XP level 4. HP: 20/32 MP: 5/5
  1268 | D:2      | Found a bloodstained altar of Trog.
  1595 | D:3      | Found a glowing golden altar of the Shining One.
  1680 | D:3      | Found an iron altar of Okawaru.
  1721 | D:3      | Became a worshipper of Warmaster Okawaru
  1927 | D:3      | Reached XP level 5. HP: 36/36 MP: 6/6
  2025 | D:3      | Noticed sudo's ghost (amateur HEFi)
  2033 | D:3      | Killed sudo's ghost
  2033 | D:3      | Reached skill level 4 in Long Blades
  2596 | D:4      | Reached XP level 6. HP: 32/43 MP: 7/7
  3104 | D:5      | Entered Level 5 of the Dungeon
  3104 | D:5      | Noticed Rationalist's ghost (novice MiFi)
  3117 | D:5      | HP: 1/43 [Rationalist's ghost (13)]
  3119 | D:5      | Killed Rationalist's ghost
  3119 | D:5      | Reached * piety under Okawaru
  3119 | D:5      | Reached skill level 5 in Long Blades
  3119 | D:5      | Reached XP level 7. HP: 1/48 MP: 8/8
  3413 | D:5      | Found a staircase to the Ecumenical Temple.
  3442 | D:5      | Reached skill level 6 in Long Blades
  4085 | D:5      | Noticed Menkaure
  4355 | D:5      | Found a shadowy altar of Dithmenos.
  4380 | D:5      | Reached XP level 8. HP: 11/54 MP: 9/9
  4380 | D:5      | Killed from afar by an orc priest

Skill      XL: |  1  2  3  4  5  6  7 |
---------------+----------------------+-----
Armour         | 3 4 |  4.7
Dodging        | 1 2 3 4 |  4.9
Long Blades    | 3 4 5 6 |  6.5
Fighting       | 4 |  4.4
Shields        | 3 |  3.7

Action                   |  1- 3 |  4- 6 |  7- 9 || total
-------------------------+-------+-------+-------++-------
Melee: Long sword        |   126 |   159 |    42 ||   327
  Use: Scroll            |     1 |     1 |     2 ||     4
       Potion            |     1 |     4 |       ||     5
  Eat: Chunk             |       |     5 |       ||     5
       Pizza             |       |     1 |       ||     1
       Bread ration      |       |       |     1 ||     1
Armor: Scale mail        |    57 |    64 |     6 ||   127
Dodge: Dodged            |    56 |    49 |    10 ||   115
Block: Shield            |    76 |   121 |    15 ||   212
